 Dungeon Crawl Stone Soup version 0.28-a0-429-g1448048969 (webtiles) character file.

Game seed: 12641162140828011057

85 MacCMillion the Grave Robber (level 4, -5/32 HPs)
             Began as a Gnoll Necromancer on Sept 9, 2021.
             Slain by Ijyb (17 damage)
             ... on level 3 of the Dungeon.
             The game lasted 00:05:37 (3894 turns).

MacCMillion the Grave Robber (Gnoll Necromancer)    Turns: 3894, Time: 00:05:37

Health: -5/32      AC:  2    Str:  8    XL:     4   Next: 48%
Magic:  11/11      EV: 13    Int: 14    God:
Gold:   63         SH:  0    Dex: 13    Spells: 12/13 levels left

rFire   . . .      SeeInvis .   g - +0 dagger
rCold   . . .      Faith    .   (no shield)
rNeg    . . .      Spirit   .   a - +0 robe
rPois   .          Reflect  .   (no helmet)
rElec   .          Harm     .   (no cloak)
rCorr   .          Rampage  .   (no gloves)
Will    .....                   (no boots)
Stlth   +++.......              (no amulet)
HPRegen 0.10/turn               (no ring)
MPRegen 0.12/turn               (no ring)

@: no status effects
A: fangs 1, strong nose, distributed training
a: no special abilities


You were on level 3 of the Dungeon.
You visited 1 branch of the dungeon, and saw 3 of its levels.

You collected 63 gold pieces.

Inventory:

Hand Weapons
 g - a +0 dagger (weapon)
Armour
 a - a +0 robe (worn)
Scrolls
 c - a scroll of teleportation {unknown}
 e - a scroll of brand weapon {unknown}
 f - a scroll of holy word
 j - a scroll of magic mapping {unknown}
 k - a scroll of summoning {unknown}
Potions
 b - a potion of mutation
 d - 2 potions of berserk rage
 h - 2 potions of degeneration {unknown}
 i - 2 potions of might {unknown}


   Skills:
 + Level 1.1 Fighting
 + Level 1.1 Short Blades
 + Level 1.1 Long Blades
 + Level 1.1 Axes
 + Level 1.1 Maces & Flails
 + Level 1.1 Polearms
 + Level 1.1 Staves
 + Level 1.1 Slings
 + Level 1.1 Bows
 + Level 1.1 Crossbows
 + Level 1.1 Throwing
 + Level 1.1 Armour
 + Level 4.6 Dodging
 + Level 4.2 Stealth
 + Level 1.1 Shields
 + Level 1.1 Unarmed Combat
 + Level 5.1 Spellcasting
 + Level 0.9 Conjurations
 + Level 0.9 Hexes
 + Level 0.9 Summonings
 + Level 7.1 Necromancy
 + Level 0.9 Translocations
 + Level 0.9 Transmutations
 + Level 0.9 Fire Magic
 + Level 0.9 Ice Magic
 + Level 0.9 Air Magic
 + Level 0.9 Earth Magic
 + Level 0.9 Poison Magic
 + Level 1.2 Invocations
 + Level 1.1 Evocations


You had 12 spell levels left.
You knew the following spells:

 Your Spells              Type           Power      Damage    Failure   Level
a - Pain                  Necr           92%        1d8       1%          1

Your spell library contained the following spells:

 Spells                   Type           Power      Damage    Failure   Level
 Animate Skeleton         Necr           46%        N/A       1%          1
 Vampiric Draining        Necr           11%        2d7       2%          3
 Animate Dead             Necr           11%        N/A       9%          4
 Foxfire                  Conj/Fire      24%        2x1d5     12%         1
 Agony                    Necr           23%        N/A       26%         5
 Conjure Flame            Conj/Fire      6%         6-21      34%         3
 Inner Flame              Hex/Fire       6%         N/A       34%         3
 Flame Wave               Conj/Fire      6%         3d4       75%         4


Dungeon Overview and Level Annotations

Branches:
Dungeon (3/15)

Altars:

Annotations:
D:3 Ijyb


Innate Abilities, Weirdness & Mutations

You have very sharp teeth.
Your uncanny sense of smell can sniff out nearby items.
Your experience applies equally to all skills.


Message History

The gnoll writhes in agony.
You kill the gnoll!
The gnoll writhes in agony.
The gnoll closely misses you.
The gnoll writhes in agony.
The gnoll hits you from afar with a +0 halberd.
The gnoll writhes in agony.
The gnoll misses you.
The gnoll barely resists.
The gnoll hits you from afar with a +0 halberd!
* * * LOW HITPOINT WARNING * * *
There is a stone staircase leading up here.
The gnoll barely misses you.
You climb upwards.
The phantom barely misses you.
There is a stone staircase leading down here.
The phantom hits you.
* * * LOW HITPOINT WARNING * * *
There is a stone staircase leading up here.
There is a stone staircase leading up here.
You climb upwards.
There is a stone staircase leading down here.
You start resting.
Magic restored.
You start resting.
HP restored.
There is a stone staircase leading down here.
You climb downwards.
There is a stone staircase leading up here.
Done exploring.
There is a stone staircase leading down here.
You climb downwards.
There is a stone staircase leading up here.
Ijyb the Twisted Goblin comes into view.
She is wielding a +7 club and carrying a wand of flame (17).
Ijyb drinks a potion.
Ijyb goes berserk!
Ijyb hits you with a +7 club! Ijyb closely misses you.
There are no items here.
Unknown command.
Ijyb hits you with a +7 club. Ijyb hits you with a +7 club!
Ouch! That really hurt!
You die...

..........##.........!...#
..........##.............#
############.............#
############.............#
g...................##....
###################.# ..#
.....<....# #.# .
######....#########.###..#
................@g.......#∆
....................###.##
######....########### ∆
#....# #....# ######
#......# #......# ##......#


You could see Ijyb (berserk).

Vanquished Creatures
  A gnoll (D:3)
  2 adders (D:2)
  A worm (D:2)
  A dart slug (D:2)
  6 endoplasms
  3 giant cockroaches (D:2)
  4 goblins
  6 hobgoblins
  2 jackals (D:1)
  5 kobolds
  3 quokkas
  7 ball pythons
  3 bats
  4 frilled lizards
  4 rats
52 creatures vanquished.

Notes
Turn   | Place    | Note
-------+----------+-------------------------------------------
     0 | D:1      | MacCMillion the Gnoll Necromancer began the quest for the
                  | Orb.
     0 | D:1      | Reached XP level 1. HP: 13/13 MP: 6/6
   256 | D:1      | Reached XP level 2. HP: 16/19 MP: 4/7
  1064 | D:1      | Reached XP level 3. HP: 24/25 MP: 7/9
  1241 | D:1      | Reached skill level 5 in Spellcasting
  1311 | D:1      | Found a faded altar of an unknown god.
  1687 | D:2      | Reached skill level 1 in Invocations
  2002 | D:2      | Reached skill level 1 in Fighting
  2002 | D:2      | Reached skill level 1 in Short Blades
  2002 | D:2      | Reached skill level 1 in Long Blades
  2002 | D:2      | Reached skill level 1 in Axes
  2002 | D:2      | Reached skill level 1 in Maces & Flails
  2002 | D:2      | Reached skill level 1 in Polearms
  2002 | D:2      | Reached skill level 1 in Staves
  2002 | D:2      | Reached skill level 1 in Slings
  2002 | D:2      | Reached skill level 1 in Bows
  2002 | D:2      | Reached skill level 1 in Crossbows
  2002 | D:2      | Reached skill level 1 in Throwing
  2002 | D:2      | Reached skill level 1 in Armour
  2002 | D:2      | Reached skill level 1 in Shields
  2002 | D:2      | Reached skill level 1 in Unarmed Combat
  2002 | D:2      | Reached skill level 1 in Evocations
  2166 | D:2      | Reached XP level 4. HP: 26/32 MP: 4/11
  3157 | D:3      | Noticed a phantom
  3884 | D:3      | Noticed Ijyb
  3894 | D:3      | Slain by Ijyb

Illustrated notes

Levels and vault maps discovered:
D:1:      minmay_arrival_nine_rooms, layout_basic,
          shapermc_ecumenical_altar_notcrosses
D:2:      minmay_chambers_of_ones, layout_loops_corners, minmay_tromino_v2
D:3:      layout_basic, hangedman_decor_clover_reticule, kennysheep_cross_room,
          uniq_ijyb

Skill      XL: |  1  2  3 |
---------------+----------+-----
Spellcasting   | 5 |  5.1
Invocations    | 1 |  1.2
Fighting       | 1 |  1.1
Short Blades   | 1 |  1.1
Long Blades    | 1 |  1.1
Axes           | 1 |  1.1
Maces & Flails | 1 |  1.1
Polearms       | 1 |  1.1
Staves         | 1 |  1.1
Slings         | 1 |  1.1
Bows           | 1 |  1.1
Crossbows      | 1 |  1.1
Throwing       | 1 |  1.1
Armour         | 1 |  1.1
Shields        | 1 |  1.1
Unarmed Combat | 1 |  1.1
Evocations     | 1 |  1.1
Dodging        | |  4.6
Stealth        | |  4.2
Conjurations   | |  0.9
Hexes          | |  0.9
Summonings     | |  0.9
Necromancy     | |  7.1
Translocations | |  0.9
Transmutations | |  0.9
Fire Magic     | |  0.9
Ice Magic      | |  0.9
Air Magic      | |  0.9
Earth Magic    | |  0.9
Poison Magic   | |  0.9

Action                   |  1- 3 |  4- 6 || total
-------------------------+-------+-------++-------
Melee: Dagger            |    13 |     1 ||    14
 Cast: Pain              |    65 |    35 ||   100
  Use: Scroll            |       |     3 ||     3
 Stab: Sleeping          |     1 |       ||     1
Armor: Robe              |     5 |     1 ||     6
Dodge: Dodged            |    23 |    10 ||    33

Table legend: (Time is in decaauts)
 A = Elapsed time spent in this place.
 B = Non-inter-level travel time spent in this place.
 C = Inter-level travel time spent in this place.
 D = Time resting spent in this place.
 E = Time spent auto-exploring this place.
 F = Levels seen in this place.
 G = Mean time per level.
                   A        B        C        D        E       F      G
               +--------+--------+--------+--------+--------+-----+--------+
         Total |   3896 |   3763 |    133 |    777 |   2485 |   3 | 1298.7 |
       Dungeon |   3896 |   3763 |    133 |    777 |   2485 |   3 | 1298.7 |
               +--------+--------+--------+--------+--------+-----+--------+

Top non-repeatable levels by time:
     D:1: 1788 daAuts
     D:2: 1452 daAuts
     D:3: 655 daAuts
